 Dungeon Crawl Stone Soup version 0.28-a0-925-gd5e1996cdb (webtiles) character file.

Game seed: 8267828941753332078

370278 AarnesTheHuman the Warrior (level 21, 0/182 HPs)
             Began as a Demonspawn Gladiator on Nov 25, 2021.
             Was the Champion of Fedhas.
             Slain by an ettin (27 damage)
             ... on level 4 of the Vaults on Nov 26, 2021.
             The game lasted 04:37:55 (80189 turns).

AarnesTheHuman the Warrior (Demonspawn Gladiator)  Turns: 80189, Time: 04:37:56

Health: 0/182      AC: 45    Str: 27    XL:     21   Next: 68%
Magic:  0/42       EV: 11    Int: 12    God:    Fedhas [******]
Gold:   1066       SH: 28    Dex: 24    Spells: 20/20 levels left

rFire   + + .      SeeInvis +   a - +7 scimitar (flame)
rCold   + . .      Faith    .   E - +5 kite shield
rNeg    + . .      Spirit   +   l - +9 scales of the Dragon King {rPois rF+ rC+ Will+}
rPois   +          Reflect  .   (helmet unavailable)
rElec   +          Harm     .   w - +1 cloak {Will+}
rCorr   +          Rampage  .   O - +2 pair of gloves {hurl}
Will    ++++.                   Z - +3 pair of boots of Good Intentions {rCorr Dex+4}
Stlth   ..........              y - amulet "Emill" {Spirit rPois Str+2 Dex+4 Slay+2}
HPRegen 0.40/turn               R - ring "Ymine" {rElec rF+ Will+ AC+4}
MPRegen 0.28/turn               J - ring "Nifuut" {rPois rN+ MP+9 Str+4 Stlth+}

@: about to teleport, studying Evocations
A: antennae 3, large bone plates 3, demonic guardian 3, powered by pain 3
}: 2/15 runes: barnacled, gossamer
a: Renounce Religion, Wall of Briars, Grow Ballistomycete, Overgrow, Grow Oklob


You were on level 4 of the Vaults.
You worshipped Fedhas.
Fedhas was exalted by your worship.
You visited 8 branches of the dungeon, and saw 40 of its levels.
You also visited: Gauntlet and Volcano.

You collected 8337 gold pieces.
You spent 7271 gold pieces at shops.

Inventory:

Hand Weapons
 a - a +7 scimitar of flaming (weapon)
 b - the +6 hunting sling "Zutsateg" {vorpal, rElec rF+ rC+ Will+}
   (You bought it in a shop on level 10 of the Dungeon)

   Any ammunition fired from it inflicts extra damage upon your enemies.
   rF:        It protects you from fire.
   rC:        It protects you from cold.
   rElec:     It insulates you from electricity.
   Will:      It increases your willpower.
 T - the +5 scimitar "Xomypsyiwn" {elec, rC- Will+ Stlth+}
   (You took it off a deep elf sorcerer on level 3 of the Elven Halls)

   It occasionally discharges a powerful burst of electricity upon striking a
   foe.
   rC:        It makes you vulnerable to cold.
   Will:      It increases your willpower.
   Stlth:     It makes you more stealthy.
Missiles
 i - 67 sling bullets
 m - 96 poisoned darts (quivered)
 z - 1397 stones
Armour
 l - the +9 scales of the Dragon King (worn) {rPois rF+ rC+ Will+}
   (You bought it in a shop on level 3 of the Shoals)

   rF:        It protects you from fire.
   rC:        It protects you from cold.
   rPois:     It protects you from poison.
   Will:      It increases your willpower.
 w - a +1 cloak of willpower (worn)
 E - a +5 kite shield (worn)
 O - a +2 pair of gloves of hurling (worn)
 Z - the +3 pair of boots of Good Intentions (worn) {rCorr Dex+4}
   (You found it on level 2 of the Spider Nest)

   Dex:       It affects your dexterity (+4).
   rCorr:     It protects you from acid and corrosion.
Jewellery
 p - a ring of protection from cold
 y - the amulet "Emill" (around neck) {Spirit rPois Str+2 Dex+4 Slay+2}
   (You bought it in a shop on level 5 of the Dungeon)

   [amulet of guardian spirit]

   It causes incoming damage to be divided between your reserves of health and
   magic.
   Str:       It affects your strength (+2).
   Dex:       It affects your dexterity (+4).
   Slay:      It affects your accuracy & damage with ranged weapons and melee
   (+2).
   rPois:     It protects you from poison.
 H - the ring "Akufaamn" {rF+ Will+ MP-9 SInv}
   (You bought it in a shop on level 9 of the Dungeon)

   [ring of protection from fire]

   rF:        It protects you from fire.
   MP:        It affects your magic capacity (-9).
   SInv:      It lets you see invisible.
   Will:      It increases your willpower.
 J - the ring "Nifuut" (right hand) {rPois rN+ MP+9 Str+4 Stlth+}
   (You took it off a deep elf sorcerer on level 3 of the Elven Halls)

   [ring of poison resistance]

   Str:       It affects your strength (+4).
   rPois:     It protects you from poison.
   rN:        It protects you from negative energy.
   MP:        It affects your magic capacity (+9).
   Stlth:     It makes you more stealthy.
 K - the ring of Ineihohuo {rPois rC+ Dex+2}
   (You found it on level 4 of the Spider Nest)

   [ring of poison resistance]

   Dex:       It affects your dexterity (+2).
   rC:        It protects you from cold.
   rPois:     It protects you from poison.
 M - the ring "Zylliut" {Will+ rCorr}
   (You took it off a minotaur in a Gauntlet)

   [ring of willpower]

   rCorr:     It protects you from acid and corrosion.
   Will:      It increases your willpower.
 R - the ring "Ymine" (left hand) {rElec rF+ Will+ AC+4}
   (You found it on level 12 of the Dungeon)

   [ring of protection]

   AC:        It affects your AC (+4).
   rF:        It protects you from fire.
   rElec:     It insulates you from electricity.
   Will:      It increases your willpower.
 Y - a ring of flight
Wands
 c - a wand of paralysis (59)
 f - a wand of iceblast (21)
 h - a wand of acid (3)
 n - a wand of flame (109)
 B - a wand of digging (14)
Scrolls
 o - 4 scrolls of magic mapping
 r - 13 scrolls of teleportation
 v - 7 scrolls of fear
 G - 11 scrolls of fog
 P - 20 scrolls of identify
 Q - 2 scrolls of blinking
 S - a scroll of silence
 V - 3 scrolls of immolation
 W - a scroll of summoning
Potions
 e - 7 potions of lignification
 g - 18 potions of curing
 j - 3 potions of brilliance
 k - 2 potions of resistance
 q - 4 potions of cancellation
 s - 5 potions of heal wounds
 t - 3 potions of haste
 u - a potion of invisibility
 D - 10 potions of flight
 F - 8 potions of might
 N - 12 potions of ambrosia
 U - 3 potions of magic
Miscellaneous
 d - a phantom mirror
 x - a condenser vane
 A - a lightning rod (4/4)
 C - a tin of tremorstones (2/2)
 I - a phial of floods
 L - a box of beasts


   Skills:
 + Level 19.7 Fighting
 - Level 14.0 Long Blades
 - Level 4.1 Axes
 - Level 11.9(12.0) Slings
 - Level 1.7(7.8) Throwing
 + Level 17.0 Armour
 + Level 8.2 Dodging
 - Level 15.0 Shields
 + Level 17.6 Invocations
 + Level 10.7 Evocations


You had 20 spell levels left.
You didn't know any spells.
Your spell library contained the following spells:

 Spells                   Type           Power      Damage    Failure   Level
 Animate Skeleton         Necr           0%         N/A       99%         1
 Foxfire                  Conj/Fire      0%         2x1d4     99%         1
 Magic Dart               Conj           0%         1d3       99%         1
 Pain                     Necr           0%         1d4       99%         1
 Sandblast                Erth           0%         2d4       99%         1
 Shock                    Conj/Air       0%         1d3       99%         1
 Slow                     Hex            0%         N/A       99%         1
 Sting                    Tmut/Pois      0%         1d3       99%         1
 Call Imp                 Summ           0%         N/A       100%        2
 Corpse Rot               Necr/Air       0%         N/A       100%        2
 Ensorcelled Hibernation  Hex/Ice        0%         N/A       100%        2
 Scorch                   Fire           0%         2d5       100%        2
 Static Discharge         Conj/Air       0%         N/A       100%        2
 Confusing Touch          Hex            0%         N/A       100%        3
 Conjure Flame            Conj/Fire      0%         6-21      100%        3
 Dazzling Flash           Conj/Hex       0%         N/A       100%        3
 Gell's Gravitas          Tloc           0%         N/A       100%        3
 Inner Flame              Hex/Fire       0%         N/A       100%        3
 Lesser Beckoning         Tloc           0%         N/A       100%        3
 Mephitic Cloud           Conj/Pois/Air  0%         N/A       100%        3
 Portal Projectile        Hex/Tloc       0%         N/A       100%        3
 Summon Guardian Golem    Hex/Summ       0%         N/A       100%        3
 Teleport Other           Tloc           0%         N/A       100%        3
 Vampiric Draining        Necr           0%         2d6       100%        3
 Airstrike                Air            0%         N/A       100%        4
 Animate Armour           Summ/Erth      0%         N/A       100%        4
 Cause Fear               Hex            0%         N/A       100%        4
 Dispel Undead            Necr           0%         3d6       100%        4
 Flame Wave               Conj/Fire      0%         3d3       100%        4
 Fulminant Prism          Conj/Hex       0%         3d6       100%        4
 Hailstorm                Conj/Ice       0%         3d3       100%        4
 Ice Form                 Ice/Tmut       0%         N/A       100%        4
 Iskenderun's Mystic Bla  Conj/Tloc      0%         2d3       100%        4
 Olgreb's Toxic Radiance  Pois           0%         N/A       100%        4
 Sticky Flame             Conj/Fire      0%         2d3       100%        4
 Summon Lightning Spire   Summ/Air       0%         N/A       100%        4
 Blade Hands              Tmut           0%         N/A       100%        5
 Excruciating Wounds      Necr           0%         N/A       100%        5
 Freezing Cloud           Conj/Ice/Air   0%         6-21      100%        5
 Lee's Rapid Deconstruct  Erth           0%         3d5*      100%        5
 Lightning Bolt           Conj/Air       0%         1d11      100%        5
 Manifold Assault         Tloc           0%         N/A       100%        5
 Silence                  Hex/Air        0%         N/A       100%        5
 Summon Forest            Summ/Tloc      0%         N/A       100%        5
 Summon Mana Viper        Hex/Summ       0%         N/A       100%        5
 Dispersal                Tloc           0%         N/A       100%        6
 Simulacrum               Ice/Necr       0%         N/A       100%        6
 Starburst                Conj/Fire      0%         6d3       100%        6
 Summon Cactus Giant      Summ           0%         N/A       100%        6
 Dragon Form              Tmut           0%         N/A       100%        7
 Haunt                    Necr/Summ      0%         N/A       100%        7
 Malign Gateway           Summ/Tloc      0%         N/A       100%        7
 Ozocubu's Refrigeration  Ice            0%         4d5       100%        7
 Spellforged Servitor     Conj/Summ      0%         N/A       100%        7
 Disjunction              Tloc           0%         N/A       100%        8
 Ignition                 Fire           0%         3d3       100%        8
 Summon Horrible Things   Summ           0%         N/A       100%        8
 Dragon's Call            Summ           0%         N/A       100%        9
 Fire Storm               Conj/Fire      0%         5d1       100%        9
 Polar Vortex             Ice            0%         N/A       100%        9
 Shatter                  Erth           0%         3d5*      100%        9


Dungeon Overview and Level Annotations

Branches:
Dungeon (15/15)            Temple (1/1) D:4            Lair (6/6) D:11
 Shoals (4/4) Lair:3       Spider (4/4) Lair:2        Slime (0/5) Lair:5
    Orc (2/2) D:11            Elf (3/3) Orc:2        Vaults (5/5) D:13
  Crypt (0/3) Vaults:2     Depths (0/4) D:15        Volcano (visited)
Gauntlet (visited)

Altars:
Ashenzari
Cheibriados
Dithmenos
Elyvilon
Fedhas
Gozag
Hepliaklqana
Kikubaaqudgha
Makhleb
Nemelex Xobeh
Okawaru
Qazlal
Ru
Sif Muna
Trog
Uskayaw
Vehumet
Wu Jian
Xom
Yredelemnul
Zin
The Shining One
Beogh
Jiyva
Lugonu

Shops:
D:5 **   D:8 [   D:9 =   D:10 (   Orc:1 ?   Orc:2 *[([(   Elf:2 *   Shoals:2 (
Shoals:3 [==[   Vaults:4 (

Portals:
Abyss: Shoals:2

Annotations:
D:2 exclusion: downstairs
D:4 2 runed translucent doors, exclusion: 2 doors, Ijustatesigmund's ghost, amateur GnFi
D:6 exclusion: downstairs
Shoals:4 1 runed translucent door, exclusion: door, Sekuso's ghost, adept HuAE
Spider:4 exclusion: 2 doors
Vaults:1 2 transporters


Innate Abilities, Weirdness & Mutations

You have a pair of large antennae on your head. (SInv)
You are completely covered in large bone plates. (SH +8)
A powerful demonic guardian rushes to your aid.
You are powered by pain.


Message History

The deep troll earth mage simulacrum claws your oklob plant.
The deep troll earth mage simulacrum freezes your oklob plant!
The deep troll earth mage simulacrum claws your oklob plant.
The deep troll earth mage simulacrum freezes your oklob plant!!
Your oklob plant is destroyed!
Your oklob plant disappears in a puff of smoke!
The vault guard hits you with a +0 great sword.
* * * LOW HITPOINT WARNING * * *
The ironbound convoker closely misses you.
You slice the ironbound convoker!! You burn the ironbound convoker.
You kill the ironbound convoker!
Fedhas appreciates your contribution to the ecosystem.
A freezing mist starts to gather...
An ironbound convoker simulacrum comes into view.
You block the sphinx's attack. The sphinx barely misses you.
The sphinx hits you but does no damage. You block the ettin's attack.
The ettin hits you with a +0 dire flail!
* * * LOW HITPOINT WARNING * * *
You slice the ettin like a ripe choko!!!
You burn the ettin.
The ettin is heavily wounded.
You block the vault guard's attack.
You hit the ettin. You burn the ettin.
The ettin is heavily wounded.
You block the sphinx's attack. x2; The sphinx misses you.
You block the ettin's attack. The ettin completely misses you.
The vault guard hits you but does no damage.
You hit the ettin but do no damage.
The ettin is heavily wounded.
You block the sphinx's attack. The sphinx hits you but does no damage.
You block the sphinx's attack. The ettin closely misses you.
The ettin hits you but does no damage. You block the vault guard's attack.
As you read the scroll of teleportation, it crumbles to dust.
You feel strangely unstable. You block the sphinx's attack. x3
The ettin hits you with a +0 great mace!!
* * * LOW HITPOINT WARNING * * *
A demonic guardian appears!
The ettin hits you with a +0 dire flail!!!
You die...
Fedhas appreciates your contribution to the ecosystem.

####......#......................
...#......##################'####
##.'......# #....... .#.'......#
#.....#. ##.######## #####
#....### .'.# #.⌠.# #....... +#.#
####...####..#.... )#.#
#Hp#...#..#.##.... .#.#
#@ZZ...'..#..#.... .#.#
#C2#...#..'....[.. ##.#
####...####...<### ...# #.⌠.#
#...[.#. #### ##### #.......
########


You could see a sphinx (soul bound), a vault guard, an ettin (soul bound,
strong, ally target), a deep troll earth mage simulacrum (corroded), an
ironbound convoker simulacrum and a friendly reaper (summoned).

Vanquished Creatures
  Mennas (Vaults:2)
  Nikola (Shoals:1)
  Jory (Vaults:2)
  Asterion (Spider:1)
  An ancient champion (Vaults:2)
  4 sphinxes
  2 deep elf blademasters (Elf:3)
  Gastronok (Lair:3)
  Polyphemus (Shoals:2)
  Frances (D:12)
  2 deep elf master archers (Elf:3)
  3 tengu reavers
  A storm dragon (D:14)
  12 deep elf sorcerers
  4 ghost moths
  6 vault wardens
  4 frost giants
  3 orc warlords
  4 deep elf elementalists (Elf:3)
  6 ironbound preservers
  11 emperor scorpions
  2 very ugly things
  2 stone giants (Vaults:3)
  3 war gargoyles
  6 deep elf demonologists
  A minotaur (Gauntlet)
  5 entropy weavers
  8 deep elf annihilators
  3 dire elephants (Vaults:2)
  A spark wasp (Spider:3)
  5 merfolk javelineers
  3 deep elf death magi
  9 merfolk impalers
  2 ettins
  5 crystal guardians (Elf:3)
  5 deep elf high priests (Elf:3)
  Josephine (D:15)
  A fire dragon (D:14)
  10 ironbound thunderhulks
  9 yaktaur captains
  3 great orbs of eyes
  2 ice dragons
  33 vault guards
  9 hydras
  A peacekeeper (Vaults:4)
  10 boulder beetles
  2 ogre magi
  4 catoblepae
  3 ironbound frosthearts
  2 ghost crabs (Spider:2)
  A death knight (Vaults:2)
  9 centaur warriors
  7 two-headed ogres
  A merfolk avatar (Shoals:3)
  2 merfolk aquamancers (Shoals:4)
  12 death yaks
  26 dancing weapons
  3 tengu warriors
  3 alligator snapping turtles (Shoals:3)
  A deep troll earth mage (D:14)
  3 orc high priests
  15 deep elf knights
  A hell knight (Volcano)
  9 sea snakes
  6 wizards
  A swamp dragon (shapeshifter) (D:15)
  14 deep trolls
  8 deep elf archers
  An obsidian statue (Gauntlet)
  14 ironbound convokers
  14 lindwurms
  A phantasmal warrior (Vaults:3)
  36 deep elf pyromancers
  A necromancer (Lair:5)
  An orange crystal statue (Vaults:1)
  10 orc knights
  49 harpies
  6 cyclopes
  29 deep elf zephyrmancers
  3 orc sorcerers
  21 orb spiders
  18 ugly things
  15 manticores
  7 fauns
  22 wolf spiders
  7 elephants
  2 black mambas (Lair:6)
  8 merfolk sirens
  A moth of wrath (Spider:4)
  14 vault sentinels
  4 water nymphs
  14 cane toads
  3 gargoyles
  7 torpor snails
  A kobold demonologist (D:11)
  4 rime drakes (Lair:1)
  3 efreet
  An unseen horror (D:13)
  3 tengu conjurers
  7 komodo dragons
  4 demonic crawlers
  16 yaktaurs
  2 freezing wraiths
  35 jumping spiders
  A polar bear (shapeshifter) (D:15)
  A queen bee (Orc:1)
  A jumping spider (shapeshifter) (Elf:3)
  3 meliai (D:14)
  A meliai (shapeshifter) (D:12)
  30 merfolk
  8 tyrant leeches
  15 hornets
  A wind drake (shapeshifter) (D:12)
  21 slime creatures
  5 trolls
  6 wind drakes
  6 blink frogs
  10 snapping turtles
  3 air elementals
  2 dream sheep (Shoals:4)
  5 water elementals
  89 redbacks
  A vampire (D:13)
  76 yaks
  30 tarantellas
  Sigmund (D:3)
  A tarantella (shapeshifter) (Elf:1)
  5 wyverns
  4 shadows
  8 wraiths
  4 basilisks
  4 fire elementals
  2 steam dragons (D:7)
  2 hogs (shapeshifter)
  21 vampire mosquitoes
  2 acid dragons (D:12)
  5 wargs
  16 water moccasins
  A meliai simulacrum (D:14)
  2 black bears
  2 ice beasts
  27 orc warriors
  A black bear (shapeshifter) (D:15)
  A necrophage (D:8)
  5 ogres
  21 wolves
  A boggart (D:12)
  13 centaurs
  A phantom (D:5)
  A gnoll sergeant (D:10)
  16 bullfrogs
  2 earth elementals
  8 scorpions
  A water moccasin zombie (D:7)
  33 killer bees
  8 wights
  2 electric eels (Spider:4)
  4 howler monkeys
  2 centaur zombies
  3 hounds
  2 jellies
  A gnoll shaman (D:7)
  25 orc priests
  Jessica (D:3)
  4 iguanas
  34 orc wizards
  4 yak simulacra (Lair:5)
  2 polar bear simulacra (Lair:5)
  3 wolf simulacra (Lair:5)
  A howler monkey zombie (D:9)
  3 adders
  19 gnolls
  A howler monkey skeleton (D:6)
  A white imp (D:6)
  An ufetubus (D:6)
  An adder skeleton (D:5)
  4 worms
  4 dart slugs
  126 orcs
  3 bats
  4 endoplasms
  4 giant cockroaches
  6 hobgoblins
  8 quokkas
  9 ball pythons
  4 frilled lizards
  4 goblins
  5 kobolds
  3 rats
  2 river rat simulacra (Lair:5)
  A ballistomycete spore (Lair:2)
  A lurking horror (Shoals:2)
1562 creatures vanquished.

Vanquished Creatures (collateral kills)
  Rupert (D:12)
  A sphinx (Vaults:1)
  3 deep elf sorcerers (Elf:3)
  An emperor scorpion (Lair:2)
  2 vault wardens
  Louise (D:14)
  An entropy weaver (Vaults:2)
  A dire elephant (Vaults:2)
  A deep elf death mage (Elf:3)
  A merfolk impaler (Shoals:4)
  A blizzard demon (Gauntlet)
  A deep elf high priest (Vaults:1)
  A boulder beetle (D:14)
  An ironbound thunderhulk (Vaults:4)
  A peacekeeper (Vaults:1)
  2 centaur warriors (Vaults:1)
  A dancing weapon (Elf:2)
  A deep troll earth mage (Vaults:4)
  A deep elf knight (Elf:2)
  A sea snake (Shoals:4)
  5 harpies
  An ugly thing (D:14)
  A wolf spider (Spider:3)
  A moth of wrath (Spider:4)
  A vault sentinel (Vaults:4)
  A merfolk siren (Lair:3)
  A torpor snail (Lair:6)
  A cane toad (Lair:3)
  A yaktaur (Vaults:1)
  An ice devil (Gauntlet)
  2 komodo dragons
  2 trolls
  A tyrant leech (Lair:6)
  2 slime creatures
  2 blink frogs (Lair:1)
  2 hornets
  2 redbacks (Spider:1)
  7 yaks
  A wraith (D:15)
  An orc warrior (Orc:2)
  A black bear (D:6)
  A wyvern skeleton (D:6)
  A jelly (D:6)
  4 orcs
  18 ballistomycete spores
85 creatures vanquished.

Vanquished Creatures (others)
  A spark wasp (Spider:4)
  A deep elf knight (Elf:2)
  A jumping spider (Spider:1)
  3 ballistomycete spores
  21 fungi
  106 plants
  5 withered plants (Gauntlet)
138 creatures vanquished.

Grand Total: 1785 creatures vanquished

Notes
Turn   | Place    | Note
-------+----------+-------------------------------------------
     0 | D:1      | AarnesTheHuman the Demonspawn Gladiator began the quest for
                  | the Orb.
     0 | D:1      | Reached XP level 1. HP: 16/16 MP: 1/1
   368 | D:1      | Gained mutation: You are partially covered in large bone
                  | plates. (SH +4) [demonic ancestry]
   368 | D:1      | Reached XP level 2. HP: 19/22 MP: 2/2
   678 | D:1      | Found a faded altar of an unknown god.
   720 | D:1      | Reached skill level 1 in Armour
  1013 | D:2      | Gained mutation: You sometimes gain a little power by
                  | taking damage. [demonic ancestry]
  1013 | D:2      | Reached XP level 3. HP: 24/28 MP: 3/3
  1529 | D:1      | Reached XP level 4. HP: 30/34 MP: 4/4
  1573 | D:1      | Reached skill level 3 in Fighting
  2187 | D:3      | Noticed Jessica
  2188 | D:3      | Killed Jessica
  2206 | D:3      | Noticed Sigmund
  2580 | D:3      | Gained mutation: A weak demonic guardian rushes to your
                  | aid. [demonic ancestry]
  2580 | D:3      | Reached XP level 5. HP: 35/41 MP: 5/5
  2671 | D:4      | Found a staircase to the Ecumenical Temple.
  2687 | Temple   | Entered the Ecumenical Temple
  2980 | Temple   | Became a worshipper of Fedhas Madash
  3621 | D:4      | Reached skill level 1 in Invocations
  3660 | D:4      | Found a large runed translucent door.
  3661 | D:4      | Found a large runed translucent door.
  3670 | D:4      | Noticed Ijustatesigmund's ghost (amateur GnFi)
  3850 | D:4      | Found a shadowy altar of Dithmenos.
  4122 | D:4      | Found a hide-covered altar of Uskayaw.
  4156 | D:4      | Reached XP level 6. HP: 6/48 MP: 7/7
  4485 | D:5      | Entered Level 5 of the Dungeon
  4594 | D:5      | Identified the +1 scale mail "Iczorr" {rF+ Regen+ Dex+2}
  4662 | D:4      | Reached skill level 4 in Fighting
  4754 | D:5      | Noticed an ice beast
  4781 | D:5      | Killed an ice beast
  4846 | D:5      | Found Ciptedd's Neck Hole.
  4870 | D:5      | Found Xyhia's Assorted Antiques.
  4930 | D:5      | Gained mutation: You sometimes gain power by taking damage.
                  | [demonic ancestry]
  4930 | D:5      | Reached XP level 7. HP: 51/55 MP: 9/9
  5276 | D:5      | Reached * piety under Fedhas
  5443 | D:6      | Reached skill level 5 in Fighting
  5484 | D:6      | Found a bloodstained altar of Trog.
  5519 | D:6      | Reached skill level 5 in Invocations
  5839 | D:6      | Reached XP level 8. HP: 46/63 MP: 12/12
  5923 | D:6      | Found a radiant altar of Vehumet.
  6472 | D:6      | Reached skill level 6 in Fighting
  6472 | D:6      | Reached skill level 5 in Armour
  7081 | D:7      | Found an iron altar of Okawaru.
  7119 | D:7      | Reached ** piety under Fedhas
  7120 | D:7      | Reached skill level 1 in Long Blades
  7202 | D:7      | Reached XP level 9. HP: 71/71 MP: 14/14
  7245 | D:7      | Reached skill level 7 in Fighting
  7858 | D:8      | Found a burning altar of Makhleb.
  7909 | D:8      | Found Bemu's Antique Armour Shoppe.
  7932 | D:8      | Reached skill level 1 in Shields
  8078 | D:8      | Found a snail-covered altar of Cheibriados.
  8082 | D:8      | Found an opulent altar of Gozag.
  8086 | D:8      | Found a shimmering blue altar of Sif Muna.
  9044 | D:9      | Noticed a two-headed ogre
  9075 | D:8      | Killed a two-headed ogre
  9076 | D:8      | Gained mutation: You have a pair of small antennae on your
                  | head. [demonic ancestry]
  9076 | D:8      | Reached XP level 10. HP: 68/80 MP: 16/16
  9166 | D:9      | Found Biofiuch's Jewellery Shoppe.
  9179 | D:9      | Reached *** piety under Fedhas
  9331 | D:8      | Reached skill level 8 in Fighting
  9854 | D:10     | Entered Level 10 of the Dungeon
  9951 | D:9      | Reached skill level 5 in Shields
 10046 | D:10     | Noticed a centaur warrior
 10047 | D:10     | Noticed a two-headed ogre
 10390 | D:10     | Found a shimmering altar of Xom.
 10463 | D:9      | Reached skill level 10 in Invocations
 10468 | D:9      | Reached skill level 5 in Long Blades
 10593 | D:10     | Killed a centaur warrior
 10594 | D:10     | Reached XP level 11. HP: 44/87 MP: 18/18
 10677 | D:10     | Killed a two-headed ogre
 10731 | D:10     | Found Salogu's Weapon Emporium.
 11099 | D:10     | Reached **** piety under Fedhas
 11226 | D:10     | Found a hazy altar of Hepliaklqana.
 11468 | D:10     | Found a hazy altar of Hepliaklqana.
 11572 | D:10     | Reached skill level 1 in Slings
 11621 | D:10     | Found a shimmering altar of Xom.
 11777 | D:10     | Found Salogu's Weapon Emporium.
 12124 | D:11     | Reached skill level 9 in Fighting
 12325 | D:11     | Noticed a four-headed hydra
 12350 | D:11     | Killed a one-headed hydra
 12454 | D:11     | Found a staircase to the Orcish Mines.
 12535 | D:11     | Found a staircase to the Lair.
 12550 | D:11     | Reached ***** piety under Fedhas
 13029 | Lair:1   | Entered Level 1 of the Lair of Beasts
 13445 | Lair:1   | Gained mutation: A demonic guardian rushes to your aid.
                  | [demonic ancestry]
 13445 | Lair:1   | Reached XP level 12. HP: 57/96 MP: 19/19
 14203 | Lair:2   | Found a hole to the Spider Nest.
 14212 | Lair:2   | Found a gate leading to a gauntlet.
 14216 | Gauntlet | Entered a Gauntlet
 14216 | Gauntlet | Found a transporter.
 14216 | Gauntlet | Found a transporter.
 14216 | Gauntlet | Found a transporter.
 14225 | Gauntlet | Found a transporter.
 14235 | Gauntlet | Found a transporter.
 14250 | Gauntlet | Found a transporter.
 14260 | Gauntlet | Found a transporter.
 14275 | Gauntlet | Found a transporter.
 14281 | Gauntlet | Found a transporter.
 14295 | Gauntlet | Found a transporter.
 14298 | Gauntlet | Noticed a blizzard demon
 14300 | Gauntlet | Found a transporter.
 14331 | Gauntlet | Found a transporter.
 14451 | Gauntlet | Killed a blizzard demon
 14471 | Gauntlet | Identified the +2 hat of the Valley {Drain rC+ Will+
                  | Slay+2}
 14498 | Gauntlet | Identified the amulet "Dataiq" {Regen+ Str+4}
 14698 | Gauntlet | Identified the ring "Zylliut" {Will+ rCorr}
 14698 | Gauntlet | Noticed a minotaur
 14710 | Gauntlet | Killed a minotaur
 14711 | Gauntlet | Reached skill level 10 in Fighting
 15886 | Lair:3   | Noticed a boulder beetle
 15895 | Lair:2   | Noticed a catoblepas
 15906 | Lair:1   | Killed a boulder beetle
 15907 | Lair:1   | Reached XP level 13. HP: 79/104 MP: 20/20
 16113 | Lair:3   | Reached skill level 5 in Slings
 16360 | Lair:3   | Reached skill level 10 in Shields
 16428 | Lair:3   | Noticed Gastronok
 16448 | Lair:3   | Killed Gastronok
 16581 | Lair:3   | Found a dark tunnel.
 16590 | Volcano  | Entered a volcano
 16928 | Lair:3   | Found a staircase to the Shoals.
 17793 | Lair:4   | Found a basalt altar of Yredelemnul.
 18805 | Lair:4   | Reached skill level 10 in Long Blades
 18919 | Lair:4   | Reached skill level 11 in Fighting
 19621 | Lair:4   | Reached skill level 10 in Armour
 19653 | Lair:4   | Reached XP level 14. HP: 113/113 MP: 21/21
 19818 | Lair:5   | Found a staircase to the Slime Pits.
 19819 | Lair:5   | Found a viscous altar of Jiyva.
 20456 | D:10     | Bought the +6 hunting sling "Zutsateg" {vorpal, rElec rF+
                  | rC+ Will+} for 987 gold pieces
 20628 | Lair:6   | Entered Level 6 of the Lair of Beasts
 21176 | Lair:6   | Found a runed translucent door.
 21534 | Lair:6   | Got the Compendium of Fire and Calling
 21580 | Lair:6   | Reached ****** piety under Fedhas
 22105 | Orc:1    | Entered Level 1 of the Orcish Mines
 22105 | Orc:1    | Found Quit's Magic Scroll Shop.
 22951 | Orc:2    | Entered Level 2 of the Orcish Mines
 23466 | Orc:2    | Found Rawinlez's General Store.
 23657 | Orc:2    | Found a staircase to the Elven Halls.
 23771 | Orc:2    | Found Xafoesmi's Antique Armour Emporium.
 23955 | Orc:2    | Found Eqieru's Antique Weapon Boutique.
 24496 | Orc:2    | Noticed an orc warlord
 24554 | Orc:1    | Killed an orc warlord
 24686 | Orc:2    | Found Tonac's Antique Weapon Shoppe.
 24688 | Orc:2    | Found Xeos Civ's Antique Armour Emporium.
 24879 | D:5      | Bought the amulet "Emill" {Spirit rPois Str+2 Dex+4 Slay+2}
                  | for 870 gold pieces
 25504 | D:12     | Identified the ring "Ymine" {rElec rF+ Will+ AC+4}
 25660 | D:12     | Reached XP level 15. HP: 93/120 MP: 16/23
 25828 | D:12     | Noticed Frances
 25834 | D:12     | Killed Frances
 25882 | D:12     | Noticed Rupert
 26601 | D:12     | Killed Rupert
 26849 | D:13     | Identified the amulet "Bogoaz" {rF++ Will- Regen+ Int+3}
 27610 | D:13     | Reached skill level 12 in Fighting
 27827 | D:13     | Found a gate to the Vaults.
 27942 | D:14     | Noticed Louise
 27955 | D:14     | Killed Louise
 28679 | D:14     | Found an ornate altar of the Wu Jian Council.
 28840 | D:14     | Noticed a frost giant
 29024 | D:14     | Killed a frost giant
 29124 | D:14     | Noticed a storm dragon
 29178 | D:14     | Killed a storm dragon
 29749 | D:15     | Entered Level 15 of the Dungeon
 30023 | Orc:2    | Bought an embroidered scarf for 296 gold pieces
 30400 | D:15     | Gained mutation: You are powered by pain. [demonic
                  | ancestry]
 30400 | D:15     | Reached XP level 16. HP: 129/129 MP: 25/25
 30646 | D:15     | Noticed Josephine
 30685 | D:15     | Killed Josephine
 31625 | D:15     | Found a staircase to the Depths.
 31792 | Spider:1 | Entered Level 1 of the Spider Nest
 33445 | Lair:2   | Reached skill level 13 in Fighting
 35106 | D:5      | Bought a potion of heal wounds for 95 gold pieces
 35106 | D:5      | Bought a potion of heal wounds for 95 gold pieces
 37248 | Spider:2 | Found a transporter.
 37250 | Spider:2 | Found a transporter.
 37591 | Spider:2 | Noticed Asterion
 37623 | Spider:1 | Noticed an Executioner
 37737 | Spider:1 | Killed Asterion
 38004 | Spider:2 | Got the +3 pair of boots of Good Intentions {rCorr Dex+4}
 38064 | Spider:2 | Gained mutation: You are mostly covered in large bone
                  | plates. (SH +6) [demonic ancestry]
 38064 | Spider:2 | Reached XP level 17. HP: 135/137 MP: 22/26
 38467 | Spider:2 | Found a transporter.
 38468 | Spider:2 | Found a transporter.
 40084 | D:9      | Bought the ring "Akufaamn" {rF+ Will+ MP-9 SInv} for 425
                  | gold pieces
 41865 | Spider:4 | Entered Level 4 of the Spider Nest
 42134 | Spider:4 | Reached skill level 15 in Shields
 44433 | Spider:4 | Identified the ring of Ineihohuo {rPois rC+ Dex+2}
 44654 | Spider:3 | Reached skill level 10 in Slings
 46747 | Spider:4 | Reached skill level 14 in Fighting
 48796 | Spider:4 | Got a gossamer rune of Zot
 49017 | Shoals:1 | Entered Level 1 of the Shoals
 50750 | Shoals:1 | Reached skill level 1 in Evocations
 50765 | Shoals:1 | Noticed Nikola
 51262 | Shoals:1 | Killed Nikola
 51804 | Shoals:2 | Found Lillu's Weapon Boutique.
 51856 | Shoals:2 | Identified the +1 ring mail of the Albatross {SInv}
 51876 | Shoals:2 | Found a one-way gate to the infinite horrors of the Abyss.
 51882 | Shoals:2 | Found a corrupted altar of Lugonu.
 52176 | Shoals:2 | Gained mutation: A powerful demonic guardian rushes to your
                  | aid. [demonic ancestry]
 52176 | Shoals:2 | Reached XP level 18. HP: 147/147 MP: 27/27
 52333 | Shoals:2 | Noticed Polyphemus
 52847 | Shoals:2 | Killed Polyphemus
 52989 | Shoals:2 | Reached skill level 5 in Evocations
 53634 | Shoals:3 | Found Joxtyif's Armour Emporium.
 53664 | Shoals:3 | Reached skill level 5 in Dodging
 53973 | Shoals:3 | Found Moatz's Jewellery Shop.
 54036 | Shoals:3 | Found Naihel's Antique Armour Shop.
 54314 | Shoals:3 | Found Zouha's Jewellery Shoppe.
 54572 | Shoals:4 | Entered Level 4 of the Shoals
 55687 | Shoals:4 | Reached skill level 15 in Fighting
 55851 | Shoals:4 | Got the Handbook of the Volcanoes and Clay
 56254 | Shoals:4 | Got a barnacled rune of Zot
 56366 | Shoals:4 | Got the Incunabulum of Unstable Confrontation
 56418 | Shoals:4 | Identified the +3 plate armour "Wautarr" {Contam Fly Will+
                  | Str+2}
 56733 | Shoals:4 | Found a runed translucent door.
 56733 | Shoals:4 | Found a shimmering altar of Xom.
 56735 | Shoals:4 | Noticed Sekuso's ghost (adept HuAE)
 57360 | Orc:1    | Bought a scroll of acquirement for 884 gold pieces
 57360 | Orc:1    | Acquired 979 gold pieces
 57787 | D:3      | Killed Sigmund
 58259 | Vaults:1 | Entered Level 1 of the Vaults
 58679 | Vaults:1 | Acquired 1133 gold pieces
 58902 | Vaults:1 | Reached skill level 16 in Fighting
 58902 | Vaults:1 | Gained mutation: You are completely covered in large bone
                  | plates. (SH +8) [demonic ancestry]
 58902 | Vaults:1 | Reached XP level 19. HP: 157/157 MP: 29/29
 59694 | Vaults:1 | Identified the +8 scythe "Datsatim" {venom, Int+2}
 59726 | Vaults:1 | Reached skill level 15 in Invocations
 59747 | Vaults:1 | Found a transporter.
 59761 | Vaults:1 | Found a transporter.
 60590 | Vaults:2 | Noticed Mennas
 60638 | Vaults:2 | Killed Mennas
 61231 | Vaults:2 | Noticed Jory
 61246 | Vaults:2 | Killed Jory
 61713 | Vaults:2 | Found a staircase to the Crypt.
 61932 | Vaults:2 | Identified the +3 ring mail of Jimaulam {Int+4}
 62801 | Vaults:3 | Reached skill level 17 in Fighting
 63336 | Vaults:3 | Found a huge runed gate.
 63336 | Vaults:3 | Found a huge runed gate.
 63336 | Vaults:3 | Found a huge runed gate.
 63337 | Vaults:3 | Found a huge runed gate.
 63337 | Vaults:3 | Found a huge runed gate.
 63337 | Vaults:3 | Found a huge runed gate.
 63338 | Vaults:3 | Found a huge runed gate.
 63347 | Vaults:3 | Found a huge runed gate.
 63351 | Vaults:3 | Found a huge runed gate.
 63351 | Vaults:3 | Found a huge runed gate.
 63351 | Vaults:3 | Found a huge runed gate.
 63351 | Vaults:3 | Found a huge runed gate.
 63351 | Vaults:3 | Found a huge runed gate.
 63351 | Vaults:3 | Found a huge runed gate.
 63352 | Vaults:3 | Found a huge runed gate.
 63353 | Vaults:3 | Found a huge runed gate.
 63354 | Vaults:3 | Found a huge runed gate.
 63362 | Vaults:3 | Found a huge runed gate.
 63362 | Vaults:3 | Found a huge runed gate.
 63362 | Vaults:3 | Found a huge runed gate.
 63362 | Vaults:3 | Found a huge runed gate.
 63362 | Vaults:3 | Found a huge runed gate.
 63362 | Vaults:3 | Found a huge runed gate.
 63362 | Vaults:3 | Found a huge runed gate.
 63363 | Vaults:3 | Found a huge runed gate.
 63364 | Vaults:3 | Found a huge runed gate.
 63372 | Vaults:3 | Found a huge runed gate.
 63372 | Vaults:3 | Found a huge runed gate.
 63372 | Vaults:3 | Found a huge runed gate.
 63372 | Vaults:3 | Found a huge runed gate.
 63372 | Vaults:3 | Found a huge runed gate.
 63372 | Vaults:3 | Found a huge runed gate.
 63372 | Vaults:3 | Found a huge runed gate.
 63373 | Vaults:3 | Found a huge runed gate.
 63374 | Vaults:3 | Found a huge runed gate.
 63433 | Vaults:3 | Found a huge runed gate.
 65854 | Vaults:3 | Got Gusi's Compendium of Glacial Weightlessness
 66043 | Vaults:3 | Gained mutation: You have a pair of antennae on your head.
                  | [demonic ancestry]
 66043 | Vaults:3 | Reached XP level 20. HP: 168/168 MP: 23/32
 68023 | Vaults:4 | Reached skill level 15 in Armour
 68426 | Vaults:3 | Reached skill level 18 in Fighting
 69371 | Vaults:4 | Found Kuor's Weapon Shop.
 69799 | Elf:1    | Entered Level 1 of the Elven Halls
 70224 | Elf:1    | Paralysed by an air elemental for 1 turns
 70691 | Elf:1    | Paralysed by an air elemental for 1 turns
 70740 | Elf:1    | Got the Disquisition on Attacks and the Escort
 72009 | Elf:3    | Entered Level 3 of the Elven Halls
 72062 | Elf:1    | Upgraded the game from 0.28-a0-909-g796cbd3a86 to
                  | 0.28-a0-925-gd5e1996cdb
 72221 | Elf:2    | Reached skill level 19 in Fighting
 72244 | Elf:2    | Found Lijeg's Assorted Antiques.
 72541 | Elf:2    | Found a runed translucent gate.
 72541 | Elf:2    | Found a runed translucent gate.
 72541 | Elf:2    | Found a runed translucent gate.
 72716 | Elf:2    | Paralysed by an air elemental for 1 turns
 73161 | Shoals:3 | Acquired 1008 gold pieces
 73163 | Shoals:3 | Bought the +9 scales of the Dragon King {rPois rF+ rC+
                  | Will+} for 3619 gold pieces
 73163 | Shoals:3 | Found the +9 scales of the Dragon King {rPois rF+ rC+
                  | Will+}
 75576 | Elf:2    | Gained mutation: You have a pair of large antennae on your
                  | head. (SInv) [demonic ancestry]
 75576 | Elf:2    | Reached XP level 21. HP: 143/143 MP: 21/33
 76607 | Elf:3    | Identified the +5 scimitar "Xomypsyiwn" {elec, rC- Will+
                  | Stlth+}
 76607 | Elf:3    | Identified the ring "Nifuut" {rPois rN+ MP+9 Str+4 Stlth+}
 77013 | Elf:3    | Identified the +1 halberd of Elinusuli {flame, rF+ Str+8}
 77049 | Elf:3    | Identified the +1 ring mail "Lutoen Gabo" {Dex+5}
 78443 | Elf:3    | Reached skill level 10 in Evocations
 78926 | Elf:3    | Got Owelan's Disquisition on the Voyage
 78981 | Elf:3    | Identified the +4 scale mail of Cerasol {+Inv rF- Will+++
                  | Str-4}
 79897 | Vaults:5 | Entered Level 5 of the Vaults
 80189 | Vaults:4 | Slain by an ettin

Illustrated notes

Levels and vault maps discovered:
D:1:      amcnicky_arrival_underground_garden, layout_loops_cross,
          basic_ecumenical_altar, roderic_cross_of_infinity,
          corexii_corridor_pit
D:2:      layout_rooms
D:3:      layout_rooms, corexii_leaking_fountain, uniq_sigmund, uniq_jessica
D:4:      layout_basic, kennysheep_mini_moat,
          nicolae_uskayaw_murder_on_the_dancefloor,
          minmay_temple_entry_mini_moons, ebering_ghost_disaster_area,
          serial_curves, eino_curves_03, eino_curves_04
D:5:      layout_rooms, elyvilon_altar_3, nicolae_stop_n_shop_1,
          nicolae_shop_sticking_my_neck_out
D:6:      layout_layer_cave, vehumet_crystals, trog_butcher_becter,
          kennysheep_nub
D:7:      layout_basic, marbit_many_paths,
          mainiacjoe_overflow_concentric_impassable
D:8:      layout_basic, mainiacjoe_overflow_boulevard,
          grunt_temple_overflow_diamond, serial_shops, shop_fountains
D:9:      layout_irregular_city, serial_shops, shop
D:10:     layout_roguey, nicolae_hepliaklqana_hippocampus,
          mainiacjoe_overflow_paths, serial_shops, shop, grunt_ministairs_1,
          chequers_avenue, eino_small_chamber_without_monster
D:11:     layout_basic, david_lair_generic, hiddenorc2_lemuel
D:12:     nicolae_hexawheel, layout_irregular_city, tso_altar, uniq_frances,
          uniq_rupert
D:13:     layout_rooms, grunt_vaults_entry_fortified
D:14:     thingy_vault, layout_loops_ring, chequers_serial_rivers_room_a,
          nicolae_wu_jian_glorious_leap, uniq_louise
D:15:     grunt_enter_depths_hoard, layout_layer_cave, nrook_uturn,
          minmay_the_grid_square_5x5_3x3_mashed
          [minmay_the_grid_square_5x5_checkered_sparse,
          minmay_the_grid_square_5x5_meh,
          minmay_the_grid_square_5x5_sharp_hourglass,
          minmay_the_grid_square_5x5_minibox,
          minmay_the_grid_square_5x5_megaprize_hollow,
          minmay_the_grid_square_5x5_trominoes,
          minmay_the_grid_square_5x5_percent,
          minmay_the_grid_square_5x5_two_walls_a,
          minmay_the_grid_square_5x5_doubleslash], uniq_josephine
Temple:   grunt_temple_mini_profane
Lair:1:   layout_misc_corridors, grunt_megastairs_3
Lair:2:   layout_chaotic_city, nicolae_spider_entry_non_spiders,
          gauntlet_entry_generic, beast_lair_carwin_9
Lair:3:   layout_regular_city, elwin_shoals_entry_stream,
          nicolae_volcano_entry_vermiform, chequers_serial_rivers_small_a,
          uniq_gastronok
Lair:4:   layout_roguey, basic_altar, fungi_pond_lemuel
Lair:5:   beast_lair_carwin_large_3, layout_regular_city, slime_altar_1,
          serial_forest, infiniplex_forest_end_2, infiniplex_forest_side_room,
          infiniplex_forest_zigzag_2, infiniplex_forest_straight_2,
          infiniplex_forest_clump_small, infiniplex_forest_straight_3,
          eino_house_with_fridge, serial_bayou_shore_a
Lair:6:   wormcave, layout_small_grid, grunt_megastairs_1, serial_bayou_shore_b,
          lemuel_fruit_fields
Shoals:1: layout_shoals, uniq_nikola
Shoals:2: layout_shoals, nicolae_stop_n_shop_2,
          amcnicky_altar_lugonu_corruption, uniq_polyphemus
Shoals:3: layout_shoals, serial_shops, nicolae_shop_statue_plus,
          nicolae_shop_crystal, shop, shop
Shoals:4: shoals_end_grunt_ice, layout_shoals, ebering_ghost_xom,
          nicolae_shoals_circle_sea_wall
Spider:1: layout_spider_delve, nicolae_spider_scorpion_nest
Spider:2: gammafunk_boulding_lane, drop_trap, nicolae_spider_swamp_cousins,
          uniq_asterion
Spider:3: layout_chambers, nicolae_spider_nook
Spider:4: spider_rune_water, guppyfry_spider_mini_1
Orc:1:    layout_caves, special_room [special_room_bee], serial_shops, shop,
          basic_altar
Orc:2:    grunt_orc_community_town_hall, layout_caves,
          grunt_orc_community_big_house_2, grunt_orc_community_big_house_2,
          grunt_orc_community_house_3, grunt_orc_community_house_2,
          grunt_orc_community_house_1, grunt_orc_community_house_1,
          grunt_orc_community_house_2, serial_shops, shop
Elf:1:    minmay_elf_arrival_summoners, layout_onion_city, minmay_elf_sorcery
Elf:2:    elven_hall_of_blades_hangedman_original [nicolae_blade_bullseye],
          layout_gridlike, serial_shops, shop, lemuel_elevator
Elf:3:    minmay_elf_hall_golems, layout_loops_corners
Vaults:1: serial_ice_m, v_misc_28, ontoclasm_vaults_decontamination,
          grunt_vaults_swirl, hangedman_vaults_cutoff,
          nicolae_vaults_mini_display_case, gammafunk_sealed_arena,
          v_alt_pattern_2, v_pattern_5, vaults_dpeg_spiral, v_alt_pattern_1,
          nicolae_vaults_big_angled_halls, ontoclasm_vaults_ligature,
          vaults_room_large_hall, vaults_room_pool, layout_vaults_maze
Vaults:2: minmay_crypt_entry_simple_walls, vaults_mumra_chevron,
          vaults_dpeg_encased_lava, vaults_room_grid,
          nicolae_vaults_little_squares_2, vaults_room_corners,
          layout_vaults_omnigrid, uniq_mennas, uniq_jory
Vaults:3: vaults_room_boxed, v_misc_1, hangedman_vaults_snaps, door_vault,
          nicolae_vaults_diagonal_hallway_8, grunt_vaults_hallway_long,
          vaults_room_octagon, nicolae_vaults_yaktaur_gun_rack,
          vaults_dpeg_hooks, vaults_mumra_hexcomb, hangedman_vaults_stream,
          vaults_mumra_chevron_long, grunt_vaults_hallway_short,
          layout_vaults_ring
Vaults:4: ontoclasm_vaults_bender, v_misc_5, vaults_dpeg_diagonal, v_misc_8,
          st_lattice, nicolae_vaults_windows_and_doors_thing,
          vaults_room_grunt_arrival_checkpoint, nicolae_vaults_little_ls,
          layout_vaults_big_room, serial_shops, nicolae_shop_advertising_works
          [nicolae_subvault_shop_adworks]
Vaults:5: uniq_mara, uniq_saint_roka, uniq_boris

Skill      XL: |  1  2  3  4  5  6  7  8  9 10 11 12 13 14 15 16 17 18 19 20 21 |
---------------+----------------------------------------------------------------+-----
Axes           | 3 4 |  4.1
Armour         | 1 2 3 4 5 6 7 8 9 10 11 12 13 14 16 17 | 17.0
Fighting       | 3 4 5 6 7 8 9 10 11 12 13 14 16 17 19 | 19.7
Invocations    | 2 3 5 7 9 10 11 12 14 16 17 | 17.6
Long Blades    | 1 3 5 7 8 10 11 12 14 | 14.0
Shields        | 3 6 8 9 10 12 13 14 15 | 15.0
Slings         | 3 4 6 7 8 9 10 11 | 11.9
Dodging        | 4 6 8 |  8.2
Evocations     | 3 7 8 10 | 10.7
Throwing       | |  1.7

Action                   |  1- 3 |  4- 6 |  7- 9 | 10-12 | 13-15 | 16-18 | 19-21 || total
-------------------------+-------+-------+-------+-------+-------+-------+-------++-------
Melee: War axe           |    94 |   128 |       |       |       |       |       ||   222
       Dagger            |       |    48 |   220 |       |       |       |       ||   268
       Scimitar          |       |       |   206 |   731 |  1459 |  1687 |  1257 ||  5340
 Fire: Hunting sling     |       |       |       |    64 |   341 |   728 |   744 ||  1877
Throw: Dart              |     6 |     7 |    18 |    16 |    21 |    24 |    10 ||   102
       Throwing net      |       |     1 |       |     1 |       |       |       ||     2
Invok: Wall of Briars    |       |       |       |     1 |     2 |     1 |       ||     4
       Overgrow          |       |       |       |     4 |     4 |     2 |     2 ||    12
       Grow Ballistomyce |       |       |       |       |     1 |     1 |     1 ||     3
       Grow Oklob        |       |       |       |       |     1 |     1 |     2 ||     4
Evoke: Wand              |       |       |       |     3 |     1 |     7 |     6 ||    17
  Use: Scroll            |       |     5 |    12 |     3 |    12 |    14 |    12 ||    58
       Potion            |       |       |       |     1 |     5 |     2 |     1 ||     9
 Stab: Distracted        |       |       |       |     3 |     5 |     1 |     1 ||    10
       Confused          |       |       |       |     1 |     3 |       |       ||     4
Armor: Leather armour    |     8 |       |       |       |       |       |       ||     8
       Plate armour      |    53 |    97 |       |       |       |       |       ||   150
       Scale mail        |       |    13 |   172 |   260 |   435 |   812 |   159 ||  1851
       Gold dragon scale |       |       |       |       |       |       |    99 ||    99
       Chain mail        |       |       |       |       |       |       |     9 ||     9
Dodge: Dodged            |    27 |    49 |   225 |   306 |   414 |   695 |   257 ||  1973
Block: Other             |    17 |    31 |    64 |       |       |       |       ||   112
       Kite shield       |       |       |    93 |   732 |  1315 |  2175 |  1325 ||  5640

Table legend: (Time is in decaauts)
 A = Elapsed time spent in this place.
 B = Non-inter-level travel time spent in this place.
 C = Inter-level travel time spent in this place.
 D = Time resting spent in this place.
 E = Time spent auto-exploring this place.
 F = Levels seen in this place.
 G = Mean time per level.
                   A        B        C        D        E       F      G
               +--------+--------+--------+--------+--------+-----+--------+
         Total |  79420 |  71075 |   8345 |  23107 |  28508 |  42 | 1891.0 |
       Dungeon |  22293 |  18586 |   3707 |   3037 |  10471 |  15 | 1486.2 |
        Temple |    585 |    548 |     37 |    352 |    173 |   1 |  585.0 |
          Lair |  10181 |   8761 |   1420 |   2366 |   3692 |   6 | 1696.8 |
        Shoals |   8026 |   7418 |    608 |   3449 |   1149 |   4 | 2006.5 |
   Spider Nest |  14876 |  14078 |    798 |   6948 |   4347 |   4 | 3719.0 |
  Orcish Mines |   3059 |   2702 |    357 |    495 |   1155 |   2 | 1529.5 |
   Elven Halls |   8570 |   7845 |    725 |   3361 |   2382 |   3 | 2856.7 |
        Vaults |  11006 |  10314 |    692 |   3076 |   4854 |   5 | 2201.2 |
       Volcano |    187 |    187 |      0 |      2 |     48 |   1 |  187.0 |
      Gauntlet |    635 |    635 |      0 |     20 |    235 |   1 |  635.0 |
               +--------+--------+--------+--------+--------+-----+--------+

Top non-repeatable levels by time:
Spider:4: 6000 daAuts
Vaults:3: 5574 daAuts
   Elf:3: 4222 daAuts
Spider:2: 3816 daAuts
Shoals:1: 3047 daAuts
Spider:3: 2687 daAuts
Spider:1: 2372 daAuts
    D:11: 2368 daAuts
   Elf:2: 2256 daAuts
  Lair:2: 2154 daAuts
Vaults:1: 2126 daAuts
   Elf:1: 2091 daAuts
Shoals:4: 2052 daAuts
    D:10: 2032 daAuts
  Lair:3: 2029 daAuts
